 Dungeon Crawl Stone Soup version 0.24-a0-725-gf1a930fc54 (webtiles) character file.

Game seed: 15439434262514732905, levelgen mode: deterministic

3080 Kairok the Sneak (level 9, -2/47 HPs)
             Began as a Vine Stalker Assassin on Oct 1, 2019.
             Was a Priest of Okawaru.
             Slain by a hog (6 damage)
             ... on level 7 of the Dungeon.
             The game lasted 00:10:56 (5256 turns).

Kairok the Sneak (Vine Stalker Assassin)            Turns: 5256, Time: 00:10:56

Health: -2/47      AC: 14    Str: 15    XL:     9   Next: 89%
Magic:  0/10       EV:  6    Int: 16    God:    Okawaru [***...]
Gold:   358        SH:  9    Dex: 23    Spells: 5/8 levels left

rFire    . . .     SeeInvis +   p - +7 war axe of Objectivity {flame, Fragile rElec Int+5 SInv}
rCold    . . .     Gourm    .   G - +0 shield
rNeg     + . .     Faith    .   w - +3 chain mail
rPois    .         Spirit   +   (no helmet)
rElec    +         Reflect  .   c - +0 cloak
rCorr    .         Harm     .   (no gloves)
MR       +....                  (no boots)
Stlth    +.........             (no amulet)
HPRegen  0.55/turn              B - +5 ring of dexterity
MPRegen  0.12/turn              F - ring of positive energy

@: no status effects
A: fangs 3, regeneration 1, magic shield, antimagic bite, no potion heal 3, rot
immunity
a: Heroism, Renounce Religion


You were on level 7 of the Dungeon.
You worshipped Okawaru.
Okawaru was most pleased with you.
You were hungry.

You visited 1 branch of the dungeon, and saw 7 of its levels.

You collected 358 gold pieces.

Inventory:

Hand Weapons
 p - the +7 war axe of Objectivity (weapon) {flame, Fragile rElec Int+5 SInv}
   (You found it on level 4 of the Dungeon)

   It has been specially enchanted to burn those struck by it, causing extra
   injury to most foes and up to half again as much damage against particularly
   susceptible opponents.
   Big, fiery blades are also staple armaments of hydra-hunters.
   It affects your intelligence (+5).
   It insulates you from electricity.
   It lets you see invisible.
   It will be destroyed if unequipped.
 C - a +2 short sword of venom
 D - a cursed +5 dagger
Missiles
 d - 19 poisoned darts (quivered)
 e - 2 curare-tipped darts
Armour
 b - a +0 robe
 c - a +0 cloak (worn)
 h - a +0 leather armour
 j - a +0 ring mail
 w - a +3 chain mail (worn)
 G - a +0 shield (worn)
Jewellery
 m - an uncursed ring of wizardry
 o - an uncursed ring of protection from cold
 B - a +5 ring of dexterity (left hand)
 F - a ring of positive energy (right hand)
 I - an uncursed ring of flight
Wands
 i - a wand of paralysis (6)
 q - a wand of flame (15)
Scrolls
 k - 6 scrolls of remove curse
 l - a scroll of fog
 n - 2 scrolls of teleportation
 s - 2 scrolls of magic mapping
 t - a scroll of immolation {unknown}
 x - a scroll of enchant armour {unknown}
 y - 2 scrolls of identify
 E - a scroll of amnesia {unknown}
Potions
 g - a potion of resistance
 u - a potion of invisibility
 v - 2 potions of lignification {unknown}
 z - a potion of might
 A - a potion of curing
 H - a potion of haste {unknown}
 J - a potion of cancellation {unknown}
 K - a potion of brilliance
Comestibles
 f - 11 rations


   Skills:
 + Level 5.6 Fighting
 * Level 5.6 Short Blades
 - Level 3.5 Axes
 + Level 2.3 Throwing
 + Level 5.2 Armour
 + Level 3.3 Dodging
 + Level 7.8 Stealth
 + Level 2.5 Shields
 + Level 0.1 Evocations


You had 5 spell levels left.
You knew the following spells:

 Your Spells              Type           Power        Failure   Level  Hunger
a - Regeneration          Chrm/Necr      #.........   100%        3    ####...

Your spell library contained the following spells:

 Spells                   Type           Power        Failure   Level  Hunger
 Corona                   Hex            #......      100%        1    ##.....
 Infusion                 Chrm           #...         100%        1    ##.....
 Pain                     Necr           #...         100%        1    ##.....
 Ensorcelled Hibernation  Hex/Ice        #.....       100%        2    ###....
 Shroud of Golubria       Chrm/Tloc      #.....       100%        2    ###....
 Song of Slaying          Chrm           #.......     100%        2    ###....
 Confuse                  Hex            #.......     100%        3    ####...
 Dazzling Spray           Conj/Hex       #.....       100%        3    ####...
 Spectral Weapon          Hex/Chrm       #.......     100%        3    ####...
 Tukima's Dance           Hex            #.......     100%        3    ####...


Dungeon Overview and Level Annotations

Branches:
Dungeon (7/15)
 Temple: D:4-7

Altars:
Hepliaklqana
Kikubaaqudgha
Makhleb
Nemelex Xobeh
Okawaru
Qazlal
Sif Muna
Vehumet
Zin

Annotations:
D:6 1 runed translucent door, Kohma's ghost, novice HOAK


Innate Abilities, Weirdness & Mutations

You have razor-sharp teeth.
Your natural rate of healing is unusually fast.
When hurt, damage is shared between your health and your magic reserves.
Your bite disrupts and absorbs the magic of your enemies.
Potions cannot restore your health.
You are immune to rotting.


Message History

A hog comes into view.
The hog squeals angrily.
A hog comes into view.
You block the human's attack.
Found 5 rations.
A human comes into view. It is wielding a +0 hand axe.
The hog squeals angrily.
You block the hog's attack.
You open the door. The hog bites you but does no damage.
You block the hog's attack. The human hits you but does no damage.
There is an open door here.
The hog bites you.
* * * LOW HITPOINT WARNING * * *
You are feeling hungry.
The hog bites you.
* * * LOW HITPOINT WARNING * * *
You slash the hog! You burn the hog. Your bite misses the hog.
The hog is heavily wounded.
You block the hog's attack. The hog bites you.
You die...

### #.. #.#
#.#######
#@#%%#..#
#h#%.#..#
#h#..h..#
#p#hh#..#
#h#.p#..#
#.#'######
#..p.......
###...#.###
#####


You could see 3 hogs and a human.

Vanquished Creatures
  Joseph (D:7)
  Sigmund (D:2)
  Eustachio (D:5)
  Menkaure (D:6)
  Duvessa (D:5)
  A water moccasin (D:7)
  A sky beast (D:6)
  2 phantoms
  An ice beast (D:5)
  3 ogres
  A centaur (D:6)
  A big kobold (D:7)
  A bullfrog (D:6)
  Blork the orc (D:5)
  Dowan (D:5)
  A scorpion (D:5)
  A howler monkey (D:4)
  5 wights (D:6)
  A centaur zombie (D:6)
  2 crimson imps
  3 hounds
  3 orc priests (D:6)
  A centaur skeleton (D:5)
  A bullfrog skeleton (D:6)
  An iguana (D:4)
  4 orc wizards
  6 worker ants
  2 hound zombies
  A hound skeleton (D:4)
  9 adders
  A gnoll (D:1)
  A howler monkey skeleton (D:6)
  An ooze (D:2)
  An adder skeleton (D:6)
  2 worms
  5 dart slugs
  2 leopard geckos (D:5)
  19 orcs
  4 ball pythons
  8 giant cockroaches
  10 hobgoblins
  12 jackals
  12 kobolds
  5 quokkas
  7 bats
  11 frilled lizards
  4 goblins
  A quokka skeleton (D:4)
  10 rats
175 creatures vanquished.

Notes
Turn   | Place    | Note
-------+----------+-------------------------------------------
     0 | D:1      | Kairok the Vine Stalker Assassin began the quest for the
                  | Orb.
     0 | D:1      | Reached XP level 1. HP: 11/11 MP: 2/2
    90 | D:1      | Reached skill level 5 in Stealth
   128 | D:1      | Reached XP level 2. HP: 13/15 MP: 3/3
   362 | D:1      | Reached XP level 3. HP: 18/18 MP: 4/4
   787 | D:2      | Noticed Sigmund
   894 | D:2      | Reached skill level 6 in Stealth
   894 | D:2      | Gained mutation: Your natural rate of healing is unusually
                  | fast. [Vine Stalker growth]
   894 | D:2      | Reached XP level 4. HP: 12/23 MP: 3/5
  1347 | D:2      | Reached skill level 1 in Armour
  1433 | D:2      | Noticed a phantom
  1521 | D:2      | Killed a phantom
  1521 | D:2      | Reached skill level 1 in Dodging
  1521 | D:2      | Reached XP level 5. HP: 18/27 MP: 3/6
  2056 | D:2      | Killed Sigmund
  2056 | D:2      | Reached XP level 6. HP: 32/32 MP: 7/7
  2139 | D:2      | Found a hazy altar of Hepliaklqana.
  2445 | D:3      | Reached XP level 7. HP: 36/36 MP: 8/8
  2512 | D:3      | Reached skill level 7 in Stealth
  2707 | D:3      | Found a stormy altar of Qazlal.
  3003 | D:4      | Got an ichor-stained war axe
  3004 | D:4      | Identified the +7 war axe of Objectivity {flame, Fragile
                  | rElec Int+5 SInv} (You found it on level 4 of the Dungeon)
  3271 | D:4      | Found an iron altar of Okawaru.
  3280 | D:4      | Found a glowing silver altar of Zin.
  3280 | D:4      | Found a sparkling altar of Nemelex Xobeh.
  3283 | D:4      | Found a burning altar of Makhleb.
  3285 | D:4      | Became a worshipper of Warmaster Okawaru
  3524 | D:4      | Reached skill level 1 in Shields
  3531 | D:4      | Reached skill level 1 in Axes
  3637 | D:5      | Entered Level 5 of the Dungeon
  3637 | D:5      | Noticed Eustachio
  3646 | D:5      | Killed Eustachio
  3646 | D:5      | Gained mutation: You have razor-sharp teeth. [Vine Stalker
                  | growth]
  3646 | D:5      | Reached XP level 8. HP: 35/40 MP: 7/9
  3695 | D:5      | Noticed Duvessa
  3697 | D:5      | Noticed Dowan
  3699 | D:5      | Killed Duvessa
  3699 | D:5      | Reached * piety under Okawaru
  3720 | D:5      | Killed Dowan
  3933 | D:5      | Noticed Blork the orc
  3938 | D:5      | Killed Blork the orc
  4360 | D:6      | Reached XP level 9. HP: 42/45 MP: 8/10
  4409 | D:6      | Noticed Menkaure
  4412 | D:6      | Reached ** piety under Okawaru
  4417 | D:6      | Killed Menkaure
  4462 | D:6      | Found a runed translucent door.
  4462 | D:6      | Noticed Kohma's ghost (novice HOAK)
  4623 | D:6      | Reached skill level 5 in Short Blades
  4877 | D:6      | Found an ancient bone altar of Kikubaaqudgha.
  4881 | D:6      | Reached skill level 5 in Fighting
  4899 | D:6      | Found a shimmering blue altar of Sif Muna.
  4900 | D:6      | Found a radiant altar of Vehumet.
  4902 | D:6      | Identified Kikubaaqudgha's Grimoire of Evil Secrets
  4995 | D:6      | Learned a level 3 spell: Regeneration
  5204 | D:7      | Reached skill level 5 in Armour
  5216 | D:7      | Noticed Joseph
  5238 | D:7      | Killed Joseph
  5238 | D:7      | Reached *** piety under Okawaru
  5239 | D:7      | HP: 2/47 [orc warrior/+0 flail (7)]
  5253 | D:7      | HP: 2/47 [hog (3)]
  5256 | D:7      | Slain by a hog

Levels and vault maps discovered:
D:1:      dpeg_arrival_arbitrary_a, layout_loops_ring
D:2:      minmay_door_path, layout_basic, lemuel_coloured_pillars_altar,
          first_ration, uniq_sigmund
D:3:      layout_loops_cross, nicolae_qazlal_general_emergency
D:4:      layout_cave_pools, grunt_temple_overflow_open
D:5:      layout_basic, uniq_eustachio, uniq_duvessa, uniq_blork_the_orc
D:6:      layout_cave_pods, grunt_temple_overflow_magic_moments,
          hellmonk_ghost_happy_afterlife, kennysheep_generic_room_6,
          uniq_menkaure
D:7:      layout_loops_ring, cheibrodos_ashenzari_chains,
          minmay_temple_entry_purple_smoke, grunt_livestock,
          grunt_ministairs_15, fedhas_altar_1, uniq_harold, uniq_joseph

Skill      XL: |  1  2  3  4  5  6  7  8  9 |
---------------+----------------------------+-----
Stealth        | 5 6 7 |  7.8
Short Blades   | 2 3 4 5 |  5.6
Throwing       | 2 |  2.3
Fighting       | 2 3 4 5 |  5.6
Armour         | 1 2 3 5 |  5.2
Dodging        | 1 2 3 |  3.3
Shields        | 1 2 |  2.5
Axes           | 1 3 |  3.5
Evocations     | |  0.1

Action                   |  1- 3 |  4- 6 |  7- 9 || total
-------------------------+-------+-------+-------++-------
Melee: Dagger            |    96 |   146 |    81 ||   323
       Bite              |    27 |    35 |    81 ||   143
       War axe           |       |       |   186 ||   186
Throw: Dart              |       |     7 |       ||     7
Evoke: Wand              |       |     2 |       ||     2
  Use: Scroll            |     2 |     2 |     7 ||    11
       Potion            |     2 |       |       ||     2
 Stab: Sleeping          |     7 |    10 |     6 ||    23
       Distracted        |       |     2 |       ||     2
       Paralysed         |       |     1 |       ||     1
  Eat: Chunk             |       |     4 |    10 ||    14
Armor: Ring mail         |    29 |    85 |    47 ||   161
       Chain mail        |       |       |    78 ||    78
Dodge: Dodged            |    40 |    96 |    80 ||   216
Block: Buckler           |       |     2 |    28 ||    30
       Shield            |       |       |    43 ||    43

Table legend:
 A = Non-vault XP
 B = Vault XP
 C = Vault XP percentage of total XP
 D = Non-vault monster count
 E = Vault monster count
 F = Vault count percentage of total count
                 A         B        C        D         E       F
            +---------+---------+-------+---------+---------+-------
      Total |    2829 |    1571 |  35.7 |     164 |      11 |   6.3
            +---------+---------+-------+---------+---------+-------
        D:1 |      67 |       0 |   0.0 |      30 |       0 |   0.0
        D:2 |     251 |     225 |  47.3 |      30 |       2 |   6.2
        D:3 |     116 |       0 |   0.0 |      27 |       0 |   0.0
        D:4 |     498 |       0 |   0.0 |      24 |       0 |   0.0
        D:5 |     493 |     519 |  51.3 |      15 |       4 |  21.1
        D:6 |    1102 |     367 |  25.0 |      31 |       4 |  11.4
        D:7 |     302 |     460 |  60.4 |       7 |       1 |  12.5
            +---------+---------+-------+---------+---------+-------
